 Dungeon Crawl Stone Soup version 0.18.1-5-g4a78601 (webtiles) character file.

29 jacquesderrida the Poker (level 3, 13/27 HPs)
             Began as a Demonspawn Skald on May 14, 2016.
             Quit the game on level 1 of the Dungeon.
             The game lasted 00:00:46 (610 turns).

jacquesderrida the Poker (Demonspawn Skald)          Turns: 610, Time: 00:00:46

Health: 13/27      AC:  3    Str: 12    XL:     3   Next: 1%
Magic:  6/6        EV: 11    Int: 13    God:
Gold:   28         SH:  0    Dex: 13    Spells: 1 memorised, 5 levels left

rFire  + . .     SeeInvis .     e - +1 short sword (venom)
rCold  . . .     Gourm    .     b - +0 leather armour
rNeg   . . .     Faith    .     (no shield)
rPois  .         Spirit   .     (no helmet)
rElec  .         Dismiss  .     (no cloak)
rCorr  .         Reflect  .     (no gloves)
SustAt .         Harm     .     (no boots)
MR     .....                    h - amulet of inaccuracy (curse)
Stlth  +.........               (no ring)
                                (no ring)

@: not resistant to hostile enchantments, very unstealthy
A: claws 1, fire resistance 1
a: no special abilities


You were on level 1 of the Dungeon.
You were not hungry.

You visited 1 branch of the dungeon, and saw 1 of its levels.

You collected 28 gold pieces.

Inventory:

Hand Weapons
 a - a +0 spear
 e - a +1 short sword of venom (weapon)
Armour
 b - a +0 leather armour (worn)
Jewellery
 h - a cursed amulet of inaccuracy (around neck)
Scrolls
 f - a scroll of random uselessness {unknown}
 i - a scroll of enchant weapon {unknown}
 j - a scroll of teleportation {unknown}
Potions
 g - a potion of flight {unknown}
Books
 c - a book of Battle

   Spells                             Type                      Level
   a - Infusion                       Charms                       1
   b - Shroud of Golubria             Charms/Translocation         2
   c - Song of Slaying                Charms                       2
   d - Spectral Weapon                Hexes/Charms                 3
   e - Regeneration                   Charms/Necromancy            3
Comestibles
 d - 2 bread rations


   Skills:
 - Level 2.0 Fighting
 + Level 3.1 Polearms
 - Level 0.8 Armour
 - Level 0.8 Dodging
 - Level 2.0 Spellcasting
 - Level 2.6 Charms


You had 5 spell levels left.
You knew the following spells:

 Your Spells              Type           Power        Failure   Level  Hunger
a - Infusion              Chrm           #...         12%         1    ##.....


Dungeon Overview and Level Annotations

Branches:
Dungeon (1/15)

Altars:


Innate Abilities, Weirdness & Mutations

You have sharp fingernails.
Your flesh is heat resistant.


Message History

A dart slug is nearby!
A dart slug is nearby!
A dart slug is nearby!
The dart slug closely misses you.
A dart slug is nearby!
You barely miss the dart slug. The dart slug bites you.
A dart slug is nearby!
A dart slug is nearby!
You barely miss the dart slug. The dart slug launches a dart at you.
The slug dart misses you.
You hit the dart slug.
The dart slug is poisoned.
The dart slug is heavily wounded.
You kill the dart slug!
You have reached level 3!
Your experience leads to an increase in your attributes!
Increase (S)trength, (I)ntelligence, or (D)exterity?
You feel agile.
Your demonic ancestry asserts itself...
Your fingernails lengthen.
Are you sure you want to abandon this character and quit the game? (Confirm with "yes".)

.#.....#.........#
.....###########.#
....#### #.#
.......# #.#
###.##.# #.#
.)...#.# #.#
.##..#.# #.#
.##..#.# #.#
.##..#.# #@#
.......# #†#
##.....# #.#
....##.####### #.#
###........... ..#
##.....####### ###
##...### ###.##
.##'######


There were no monsters in sight!

Vanquished Creatures
  An ooze (D:1)
  A dart slug (D:1)
  2 giant geckos (D:1)
  A bat (D:1)
  2 giant cockroaches (D:1)
  2 goblins (D:1)
  3 hobgoblins (D:1)
  4 kobolds (D:1)
  2 giant newts (D:1)
  A rat (D:1)
19 creatures vanquished.

Notes
Turn   | Place    | Note
--------------------------------------------------------------
     0 | D:1      | jacquesderrida the Demonspawn Skald began the quest for the Orb.
     0 | D:1      | Reached XP level 1. HP: 16/16 MP: 3/3
    23 | D:1      | Reached skill level 2 in Polearms
    76 | D:1      | Gained mutation: Your flesh is heat resistant. [demonic ancestry]
    76 | D:1      | Reached XP level 2. HP: 16/22 MP: 5/5
   151 | D:1      | Reached skill level 3 in Polearms
   609 | D:1      | Gained mutation: You have sharp fingernails. [demonic ancestry]
   609 | D:1      | Reached XP level 3. HP: 13/27 MP: 6/6
   610 | D:1      | Quit the game

Skill      XL: |  1  2 |
---------------+-------+-----
Polearms       | 2 3 |  3.1
Fighting       | |  2.0
Armour         | |  0.8
Dodging        | |  0.8
Spellcasting   | |  2.0
Charms         | |  2.6

Action                   || total
-------------------------++-------
Melee: Spear             ||     8
       Short sword       ||    55
Armor: Leather armour    ||    15
Dodge: Dodged            ||    38
